 Dungeon Crawl Stone Soup version 0.26-a0-519-gb2f46efeda (webtiles) character file.

Game seed: 268594857364865320

111207 KristoblXynda the Spry (level 16, -26/86 HPs)
             Began as a Spriggan Berserker on Aug 11, 2020.
             Was the Champion of Trog.
             Killed from afar by Nikola (36 damage)
             ... with a chain lightning
             ... on level 1 of the Spider Nest.
             The game lasted 01:09:11 (36186 turns).

KristoblXynda the Spry (Spriggan Berserker)        Turns: 36186, Time: 01:09:12

Health: -26/86     AC: 13    Str: 14    XL:     16   Next: 8%
Magic:  17/17      EV: 36    Int: 14    God:    Trog [******]
Gold:   1619       SH: 17    Dex: 22    Spells: 15/15 levels left

rFire    . . .     SeeInvis +   e - +3 quick blade (flame)
rCold    . . .     Faith    .   j - +3 buckler {AC+3}
rNeg     . . .     Spirit   .   s - +0 troll leather armour
rPois    +         Reflect  +   v - +2 hat
rElec    .         Harm     .   y - +2 cloak {rPois}
rCorr    .                      (gloves unavailable)
MR       ++...                  (boots unavailable)
Stlth    ++++++....             u - amulet of reflection
HPRegen  0.64/turn              b - +4 ring of slaying
MPRegen  0.15/turn              f - +6 ring of dexterity

@: berserk cooldown, slowed, quick
A: very small, unfitting armour, see invisible, speed 3
a: Berserk, Trog's Hand, Brothers in Arms, Renounce Religion


You were on level 1 of the Spider Nest.
You worshipped Trog.
Trog was exalted by your worship.
You visited 5 branches of the dungeon, and saw 25 of its levels.
You also visited: Ice Cave and Volcano.

You collected 2591 gold pieces.
You spent 972 gold pieces at shops.

Inventory:

Hand Weapons
 a - a +3 vorpal rapier
 e - a +3 quick blade of flaming (weapon)
Armour
 j - a +3 buckler of protection (worn)
 s - a +0 troll leather armour (worn)
 v - a +2 hat (worn)
 y - a +2 cloak of poison resistance (worn)
Jewellery
 b - a +4 ring of slaying (left hand)
 f - a +6 ring of dexterity (right hand)
 u - an amulet of reflection (around neck)
 w - an uncursed ring of protection from fire
Wands
 x - a wand of disintegration (13)
 A - a wand of iceblast (1)
 F - a wand of paralysis (20)
 N - a wand of acid (5)
Scrolls
 c - 19 scrolls of remove curse
 g - 8 scrolls of fog
 k - 12 scrolls of teleportation
 p - a scroll of blinking
 D - 2 scrolls of immolation
 G - 4 scrolls of fear
Potions
 d - 9 potions of might
 h - 11 potions of curing
 i - 6 potions of brilliance
 m - 4 potions of stabbing
 n - 5 potions of haste
 q - 6 potions of magic
 r - 4 potions of ambrosia
 t - 2 potions of flight
 B - 7 potions of cancellation
 E - 5 potions of heal wounds
 H - a potion of invisibility
 J - 3 potions of mutation
 L - 2 potions of resistance
Miscellaneous
 o - a condenser vane (2/2)
 z - a box of beasts (3/3)


   Skills:
 + Level 10.4 Fighting
 - Level 15.0 Short Blades
 + Level 5.8 Armour
 + Level 19.7 Dodging
 - Level 16.0 Stealth
 + Level 7.3 Shields
 - Level 10.0 Evocations


You had 15 spell levels left.
You didn't know any spells.
Your spell library contained the following spells:

 Spells                   Type           Power        Failure   Level
 Animate Skeleton         Necr           #.....       34%         1
 Apportation              Tloc           #.....       34%         1
 Corona                   Hex            #......      34%         1
 Magic Dart               Conj           #...         34%         1
 Pain                     Necr           #...         34%         1
 Shock                    Conj/Air       #...         34%         1
 Sting                    Tmut/Pois      #...         34%         1
 Summon Small Mammal      Summ           #...         34%         1
 Blink                    Tloc           N/A          47%         2
 Call Imp                 Summ           #.......     47%         2
 Slow                     Hex            #.......     47%         2
 Swiftness                Air            #.......     47%         2
 Conjure Flame            Conj/Fire      #.......     71%         3
 Inner Flame              Hex/Fire       #.......     71%         3
 Lesser Beckoning         Tloc           #.........   71%         3
 Mephitic Cloud           Conj/Pois/Air  #.......     71%         3
 Ozocubu's Armour         Ice            #.......     71%         3
 Static Discharge         Conj/Air       #.......     71%         3
 Tukima's Dance           Hex            #.......     71%         3
 Vampiric Draining        Necr           #.........   71%         3
 Airstrike                Air            #.........   98%         4
 Animate Dead             Necr           #.........   98%         4
 Cause Fear               Hex            #.........   98%         4
 Leda's Liquefaction      Hex/Erth       #.........   98%         4
 Summon Ice Beast         Ice/Summ       #.......     98%         4
 Agony                    Necr           #.......     100%        5
 Alistair's Intoxication  Tmut/Pois      #........    100%        5
 Bolt of Magma            Conj/Fire/Erth #.........   100%        5
 Iskenderun's Battlesphe  Conj           #.......     100%        5
 Lightning Bolt           Conj/Air       #.........   100%        5
 Invisibility             Hex            #.......     100%        6
 Iron Shot                Conj/Erth      #.........   100%        6
 Statue Form              Tmut/Erth      #........    100%        6
 Orb of Destruction       Conj           #.........   100%        7
 Spellforged Servitor     Conj/Summ      #.........   100%        7
 Shatter                  Erth           #.........   100%        9


Dungeon Overview and Level Annotations

Branches:
Dungeon (15/15)            Temple (1/1) D:7            Lair (6/6) D:10
  Swamp (0/4) Lair:2       Spider (1/4) Lair:2        Slime (0/5) Lair:6
    Orc (2/2) D:11            Elf (0/3) Orc:2        Vaults (0/5) D:14
 Depths (0/5) D:15          IceCv (visited)         Volcano (visited)

Altars:
Ashenzari
Cheibriados
Dithmenos
Elyvilon
Fedhas
Gozag
Hepliaklqana
Kikubaaqudgha
Makhleb
Nemelex Xobeh
Okawaru
Qazlal
Ru
Sif Muna
Trog
Uskayaw
Vehumet
Wu Jian
Xom
Yredelemnul
Zin
The Shining One
Jiyva
Lugonu

Shops:
D:4 !   D:5 }   D:9 =   D:13 }   D:14 }   Orc:2 }[}!:

Annotations:
D:8 3 runed translucent doors, kelmiir's ghost, novice DsGl
D:12 exclusion: ice statue
D:14 3 runed translucent doors
Lair:2 2 transporters, astraldaughter's ghost, journeyman OpTm
Spider:1 Nikola
Orc:2 2 transporters, Tinylith's ghost, journeyman DsIE


Innate Abilities, Weirdness & Mutations

You are very small and have problems with some larger weapons.
You are too small for most types of armour.
You have supernaturally acute eyesight. (SInv)
You cover ground extremely quickly.


Message History

You hit Nikola. You burn Nikola.
Nikola is lightly wounded.
You hit Nikola but do no damage.
Nikola is lightly wounded.
Nikola gestures wildly while chanting.
Nikola blinks!
You feel a strong urge to attack something.
You see here a tarantella corpse.
You feel your anger nearly subside.
You start resting.
You are no longer berserk.
You are exhausted.
You feel yourself slow down.
Nikola mumbles some strange words.
You hear a mighty clap of thunder!
The lightning arc hits you!!
The lightning arc hits Nikola!
The lightning arc hits you!!
* * * LOW HITPOINT WARNING * * *
The lightning arc hits Nikola.
The lightning arc hits you!!!
You die...

≈#............#..............#
.....##.........#....#..#@..
####.............#..#.#....#..
..##.......††.............#...
#.....#.#..≈#........#.#:.....
...#........#........†.....##
........#....†..#.........#.#
#.......≈#...#.....#...#.≈.#.
#..#......#.....@...#....#.#
......#..^@.#.(...^......#...
.#..#...#.#.#.>.......^.... ..
≈..#............##....##...#
≈#≈#≈###.#.....##............
###≈## ≈#....≈#...#.....#.##.
## ##≈##. . ..... ## ## ..^#.


You could see Nikola.

Vanquished Creatures
  Gastronok (D:10)
  Roxanne (D:15)
  A frost giant (IceCv)
  Louise (D:14)
  2 orc warlords
  A juggernaut zombie (D:15)
  An ettin (Orc:1)
  Snorg (Lair:4)
  A fire dragon (D:15)
  A rakshasa (D:15)
  12 hydras
  A catoblepas (D:15)
  2 centaur warriors
  A dancing weapon (Volcano)
  Erica (D:14)
  3 two-headed ogres
  An ogre mage (D:15)
  A tengu warrior (D:15)
  3 death yaks (Lair:4)
  A vampire mage (D:15)
  3 orc high priests (Orc:2)
  Urug (D:14)
  2 hell knights (D:14)
  A slime creature (D:13)
  7 skeletal warriors (D:14)
  An unseen horror (D:10)
  A golden dragon skeleton (D:15)
  5 wizards (Volcano)
  7 orc knights
  2 necromancers
  A deep elf mage (D:15)
  2 oklob plants (Lair:1)
  An orb spider (Spider:1)
  A stone giant zombie (D:15)
  3 cyclopes
  11 ugly things
  6 orc sorcerers
  A manticore (D:14)
  2 black mambas
  An ice statue (IceCv)
  11 cane toads
  4 toenail golems (Volcano)
  A gargoyle (D:15)
  15 elephants
  Maurice (D:10)
  Joseph (D:7)
  7 rime drakes
  2 torpor snails
  A spriggan zombie (D:15)
  A freezing wraith (D:14)
  4 komodo dragons
  A tengu conjurer (D:14)
  2 jumping spiders
  6 trolls
  18 polar bears
  25 blink frogs
  4 hornets
  9 hippogriffs
  8 dream sheep
  5 tarantellas (Spider:1)
  7 redbacks
  15 spriggans
  A wyvern (Lair:2)
  2 wraiths
  22 yaks
  A basilisk (Lair:5)
  6 wargs
  4 swamp worms (Lair:2)
  A soldier ant (D:13)
  11 water moccasins
  Duvessa (D:7)
  An acid dragon (D:13)
  8 porcupines
  3 ice beasts
  29 orc warriors
  A hornet zombie (D:9)
  5 black bears
  3 phantoms
  5 boggarts (Lair:6)
  44 wolves
  6 ogres
  12 centaurs
  A big kobold (D:13)
  12 crocodiles
  17 bullfrogs
  2 wyvern zombies (D:11)
  Dowan (D:7)
  A wyvern skeleton (D:14)
  2 scorpions
  10 killer bees
  2 electric eels (Lair:2)
  4 howler monkeys
  23 wights
  3 centaur zombies
  Crazy Yiuf (D:7)
  2 bullfrog zombies
  5 hounds
  5 centaur skeletons
  A jelly (D:6)
  14 orc priests
  An iguana (D:5)
  27 orc wizards
  8 worker ants
  A killer bee zombie (D:8)
  3 hound skeletons
  A worker ant zombie (D:6)
  7 gnolls
  A howler monkey zombie (D:5)
  12 adders
  2 shadow imps
  13 white imps
  2 adder zombies
  3 adder skeletons (D:2)
  3 worms
  3 dart slugs
  5 leopard geckos
  82 orcs
  3 ball pythons
  2 bat skeletons (D:2)
  2 bat zombies (D:2)
  8 giant cockroaches
  4 goblins
  4 hobgoblins
  10 jackals
  13 kobolds
  3 quokkas
  6 bats
  4 frilled lizards
  A leopard gecko skeleton (D:2)
  2 quokka zombies (D:2)
  6 rats
  A plant (Lair:1)
759 creatures vanquished.

Vanquished Creatures (others)
  A toenail golem (Volcano)
  A jumping spider (Spider:1)
  2 redbacks (Spider:1)
  An orc priest (Orc:2)
  12 fungi
  A plant (Lair:5)
18 creatures vanquished.

Grand Total: 777 creatures vanquished

Notes
Turn   | Place    | Note
-------+----------+-------------------------------------------
     0 | D:1      | KristoblXynda the Spriggan Berserker began the quest for
                  | the Orb.
     0 | D:1      | Reached XP level 1. HP: 11/11 MP: 2/2
   305 | D:1      | Reached XP level 2. HP: 16/16 MP: 3/3
   651 | D:2      | Reached skill level 5 in Dodging
   651 | D:2      | Reached XP level 3. HP: 19/19 MP: 4/4
   917 | D:2      | Reached ** piety under Trog
  1542 | D:2      | Reached XP level 4. HP: 22/24 MP: 5/5
  1867 | D:2      | Found a glowing golden altar of the Shining One.
  1872 | D:2      | Found a basalt altar of Yredelemnul.
  1874 | D:2      | Noticed a profane servitor
  2365 | D:3      | Found an iron altar of Okawaru.
  2647 | D:3      | Reached skill level 1 in Stealth
  2653 | D:3      | Reached XP level 5. HP: 28/28 MP: 6/6
  2661 | D:3      | Reached skill level 6 in Dodging
  3314 | D:3      | Found a snail-covered altar of Cheibriados.
  3319 | D:3      | Found a burning altar of Makhleb.
  3650 | D:4      | Reached XP level 6. HP: 33/33 MP: 7/7
  4105 | D:4      | Reached skill level 5 in Short Blades
  4264 | D:4      | Found Iticivve's Distillery.
  4267 | D:4      | Bought a potion of degeneration for 10 gold pieces
  4267 | D:4      | Bought a potion of lignification for 30 gold pieces
  4267 | D:4      | Bought a potion of lignification for 30 gold pieces
  4633 | D:5      | Entered Level 5 of the Dungeon
  4650 | D:5      | Reached skill level 7 in Dodging
  4895 | D:5      | Found Becuuq's Gadget Boutique.
  5220 | D:5      | Noticed an ice beast
  5230 | D:5      | Killed an ice beast
  5230 | D:5      | Reached XP level 7. HP: 37/37 MP: 8/8
  5322 | D:5      | Found a blossoming altar of Fedhas.
  5413 | D:5      | Got a vibrating lead amulet
  5673 | D:5      | Reached skill level 5 in Stealth
  5756 | D:5      | Identified the amulet "Jadgh" {Inacc rPois rF- Str+3 Int+4}
                  | (You found it on level 5 of the Dungeon)
  5837 | D:5      | Reached *** piety under Trog
  6499 | D:6      | Reached skill level 8 in Dodging
  6613 | D:6      | Reached XP level 8. HP: 42/42 MP: 9/9
  6623 | D:6      | Noticed a hippogriff
  7235 | D:6      | Found a shimmering altar of Xom.
  7284 | D:6      | Found a hazy altar of Hepliaklqana.
  7285 | D:6      | Noticed a spectral ugly thing
  7389 | D:6      | Reached skill level 5 in Fighting
  8060 | D:6      | Reached skill level 9 in Dodging
  8414 | D:6      | Killed a hippogriff
  8414 | D:6      | Reached skill level 1 in Shields
  8803 | D:7      | Noticed Duvessa
  8816 | D:7      | Noticed Dowan
  9018 | D:7      | Identified Kosadad's Grimoire of Malediction and Moulding
  9027 | D:7      | Noticed Joseph
  9043 | D:7      | Killed Joseph
  9043 | D:7      | Reached XP level 9. HP: 32/47 MP: 10/10
  9153 | D:7      | Found a staircase to the Ecumenical Temple.
  9168 | Temple   | Entered the Ecumenical Temple
  9373 | D:7      | Reached **** piety under Trog
  9409 | D:7      | Found a sacrificial altar of Ru.
  9447 | D:7      | Killed Duvessa
  9447 | D:7      | Reached skill level 10 in Dodging
  9459 | D:7      | Killed Dowan
  9653 | D:7      | Found a runed translucent door.
  9654 | D:7      | Noticed Crazy Yiuf
  9774 | D:7      | Killed Crazy Yiuf
 10044 | D:8      | Found a stormy altar of Qazlal.
 10045 | D:8      | Found a hide-covered altar of Uskayaw.
 10075 | D:8      | Found a radiant altar of Vehumet.
 10131 | D:8      | Found a runed translucent gate.
 10131 | D:8      | Found a runed translucent gate.
 10131 | D:8      | Found a runed translucent gate.
 10820 | D:8      | Reached skill level 10 in Stealth
 10981 | D:8      | Noticed kelmiir's ghost (novice DsGl)
 11026 | D:8      | Found a shattered altar of Ashenzari.
 11167 | D:9      | Reached skill level 11 in Dodging
 11170 | D:9      | Reached skill level 1 in Evocations
 11217 | D:9      | Found Zuxiup's Jewellery Shoppe.
 11289 | D:9      | Noticed a troll
 11299 | D:9      | Killed a troll
 11411 | D:9      | Reached XP level 10. HP: 40/51 MP: 11/11
 11653 | D:9      | Identified Roeniwa's Collected Works on Conjuration and Ice
 12040 | D:10     | Entered Level 10 of the Dungeon
 12060 | D:10     | Noticed an unseen horror
 12081 | D:10     | Killed an unseen horror
 12176 | D:10     | Found a staircase to the Lair.
 12502 | D:10     | Reached ***** piety under Trog
 12681 | D:10     | Reached skill level 12 in Dodging
 12722 | D:10     | Noticed Maurice
 12738 | D:10     | Killed Maurice
 12738 | D:10     | Reached skill level 5 in Evocations
 12794 | D:10     | Found the +5 scythe "Finisher" {speed, eviscerate}
 12921 | D:10     | Noticed Gastronok
 12970 | D:10     | Killed Gastronok
 12970 | D:10     | Reached skill level 10 in Short Blades
 12970 | D:10     | Reached skill level 5 in Shields
 12970 | D:10     | Reached XP level 11. HP: 56/56 MP: 12/12
 13781 | D:11     | Noticed a two-headed ogre
 13791 | D:11     | Killed a two-headed ogre
 13852 | D:11     | Reached skill level 13 in Dodging
 14006 | D:11     | Found a staircase to the Orcish Mines.
 14081 | D:11     | Noticed a red ugly thing
 14090 | D:11     | Noticed a white ugly thing
 14095 | D:11     | Killed a red ugly thing
 14315 | D:11     | Killed a white ugly thing
 15152 | Orc:1    | Entered Level 1 of the Orcish Mines
 16505 | D:13     | Noticed a centaur warrior
 16530 | D:13     | Killed a centaur warrior
 16811 | D:13     | Found Hiyko's Gadget Boutique.
 16819 | D:13     | Bought a wand of paralysis (9) for 198 gold pieces
 17556 | D:14     | Noticed a red ugly thing
 17560 | D:14     | Noticed a red ugly thing
 17563 | D:14     | Noticed a red ugly thing
 17573 | D:14     | Killed a red ugly thing
 17573 | D:14     | Reached skill level 14 in Dodging
 17590 | D:14     | Noticed a skeletal warrior
 17590 | D:14     | Noticed a skeletal warrior
 17591 | D:14     | Noticed a skeletal warrior
 17596 | D:14     | Noticed a skeletal warrior
 17597 | D:14     | Noticed a skeletal warrior
 18038 | Lair:1   | Entered Level 1 of the Lair of Beasts
 18509 | Lair:1   | Reached XP level 12. HP: 55/63 MP: 13/13
 19183 | Lair:1   | Received a gift from Trog
 19652 | Lair:2   | Found a hole to the Spider Nest.
 19822 | Lair:2   | Noticed astraldaughter's ghost (journeyman OpTm)
 19823 | Lair:2   | Found a bloodstained altar of Trog.
 19849 | Lair:2   | Noticed an eight-headed hydra
 19890 | Lair:2   | Killed an eight-headed hydra
 20011 | Lair:2   | Noticed a seven-headed hydra
 20025 | Lair:2   | Killed a seven-headed hydra
 20281 | Lair:2   | Found a transporter.
 20299 | Lair:2   | Found a staircase to the Swamp.
 20437 | Lair:2   | Found a transporter.
 20438 | Lair:2   | Identified the +4 trident "Stringbean" {drain, rF+ Str+2}
 20793 | Lair:3   | Reached skill level 15 in Dodging
 21762 | Lair:4   | Noticed a five-headed hydra
 21767 | Lair:4   | Killed a five-headed hydra
 21789 | Lair:4   | Noticed Snorg
 21799 | Lair:4   | Killed Snorg
 21806 | Lair:4   | Noticed a four-headed hydra
 21817 | Lair:4   | Killed a four-headed hydra
 22018 | Lair:4   | Reached XP level 13. HP: 69/69 MP: 14/14
 22356 | Lair:4   | Received a gift from Trog
 22357 | Lair:4   | Found the +6 shillelagh "Devastator" {shatter}
 23272 | Lair:5   | Found a dark tunnel.
 23281 | Volcano  | Entered a volcano
 23296 | Volcano  | Reached skill level 16 in Dodging
 25321 | Lair:6   | Entered Level 6 of the Lair of Beasts
 25350 | Lair:6   | Reached skill level 17 in Dodging
 25350 | Lair:6   | Reached XP level 14. HP: 71/75 MP: 15/15
 25497 | Lair:6   | Received a gift from Trog
 26618 | Lair:6   | Reached skill level 10 in Fighting
 26895 | Lair:6   | Reached skill level 1 in Armour
 27086 | Lair:6   | Reached skill level 15 in Stealth
 27240 | Lair:6   | Found a staircase to the Slime Pits.
 27242 | Lair:6   | Found a viscous altar of Jiyva.
 27878 | Orc:1    | Noticed an orc warlord
 27930 | D:11     | Killed an orc warlord
 28375 | Orc:2    | Entered Level 2 of the Orcish Mines
 28382 | Orc:2    | Reached ****** piety under Trog
 28424 | Orc:2    | Found a staircase to the Elven Halls.
 28425 | Orc:2    | Found a frozen archway.
 28442 | Orc:2    | Received a gift from Trog
 28478 | IceCv    | Entered an ice cave
 28610 | IceCv    | Reached skill level 18 in Dodging
 29234 | IceCv    | Noticed a frost giant
 29239 | IceCv    | Killed a frost giant
 29293 | IceCv    | Found the +6 arbalest "Damnation" {damnation}
 29298 | IceCv    | Got a heavily runed platinum ring
 29348 | IceCv    | Identified the ring "Wabresau" {Ice *Drain Str+7} (You
                  | found it in an ice cave)
 29391 | Orc:2    | Found a transporter.
 29397 | Orc:2    | Noticed Tinylith's ghost (journeyman DsIE)
 29437 | Orc:2    | Found a bloodstained altar of Trog.
 29438 | Orc:2    | Received a gift from Trog
 29493 | Orc:2    | Reached XP level 15. HP: 64/80 MP: 6/16
 29556 | Orc:2    | Identified the +6 battleaxe of Massacring {distort, rC+ MR+
                  | Str+8 Dex-4}
 30361 | Orc:2    | Noticed an orc warlord
 30446 | Orc:2    | Killed an orc warlord
 30773 | Orc:2    | Found Ezia's Book Boutique.
 30779 | Orc:2    | Found a transporter.
 30915 | Orc:2    | Found Ullu's Distillery.
 30918 | Orc:2    | Found Aczuasof's Gadget Shoppe.
 31237 | Orc:2    | Found Zaemooma's Gadget Boutique.
 31305 | Orc:2    | Found Saozey's Antique Armour Shoppe.
 31311 | Orc:2    | Bought an embroidered cloak for 217 gold pieces
 31311 | Orc:2    | Bought an ancient robe for 165 gold pieces
 31321 | Orc:2    | Bought 2 potions of heal wounds for 140 gold pieces
 31321 | Orc:2    | Bought a potion of heal wounds for 70 gold pieces
 31321 | Orc:2    | Bought a potion of heal wounds for 70 gold pieces
 31321 | Orc:2    | Bought a potion of curing for 42 gold pieces
 31416 | Orc:2    | Identified the +1 robe the Burnt Griffon {rF+} (You bought
                  | it in a shop on level 2 of the Orcish Mines)
 31814 | D:14     | Received a gift from Trog
 32363 | D:14     | Found a gate to the Vaults.
 32871 | D:14     | Reached skill level 19 in Dodging
 32970 | D:14     | Noticed Louise
 32970 | D:14     | Noticed Urug
 32978 | D:14     | Killed Louise
 32987 | D:14     | Noticed Erica
 33040 | D:14     | Killed Erica
 33045 | D:14     | Killed Urug
 33045 | D:14     | Reached skill level 5 in Armour
 33210 | D:14     | Found Fiufoj's Gadget Shoppe.
 33542 | D:14     | Found a runed translucent gate.
 33542 | D:14     | Found a runed translucent gate.
 33545 | D:14     | Found a runed translucent gate.
 33691 | D:15     | Entered Level 15 of the Dungeon
 33809 | D:15     | Found a staircase to the Depths.
 33835 | D:14     | Reached skill level 10 in Evocations
 34132 | D:15     | Received a gift from Trog
 34548 | D:15     | Reached skill level 15 in Short Blades
 34700 | D:15     | Noticed Roxanne
 35525 | D:15     | Reached XP level 16. HP: 86/86 MP: 17/17
 35640 | D:15     | Killed Roxanne
 36002 | Spider:1 | Entered Level 1 of the Spider Nest
 36127 | Spider:1 | Noticed Nikola
 36186 | Spider:1 | Killed from afar by Nikola

Illustrated notes

Levels and vault maps discovered:
D:1:      saegor_arrival_simple_e, layout_rooms
D:2:      minmay_spotlight, layout_basic, grunt_temple_overflow_holy_war,
          serial_undead, serial_undead_a, serial_undead_a, serial_undead_d,
          serial_undead_b
D:3:      layout_basic, okawaru_metal_pillars_3, amethyst_overflow_temple_binary
D:4:      layout_basic, serial_shops, nicolae_shop_behind_doors
D:5:      layout_loops_corners, nicolae_overflow_crystal_walls, serial_shops,
          shop, minmay_quadrilaterals
D:6:      layout_basic, regret_index_temple_of_mockery, minivault_24
D:7:      layout_gridville, nicolae_ru_great_annihilating_truth,
          minmay_temple_entry_hall, uniq_joseph, uniq_duvessa,
          uniq_crazy_yiuf_cottage
D:8:      layout_loops_ring, vehumet_crystals, minitemple, gammafunk_ghost_icy,
          serial_bayou_crossing
D:9:      layout_irregular_city, serial_shops, shop, grunt_ministairs_5
D:10:     layout_roguey, erik_lair_orcish_takeover,
          minmay_guarded_unrand_finisher, uniq_maurice, uniq_gastronok
D:11:     layout_basic, orc_0_dummy, serial_glass, glass_columns_b,
          glass_columns_a, glass_columns_b, glass_columns_b, minivault_11
D:12:     cheibrodos_frozen_isle, layout_basic, corexii_leaking_fountain
D:13:     layout_roguey, serial_shops, nicolae_shop_waterfront,
          minmay_misc_feat_doors
D:14:     layout_loops_ring, david_vaults_1,
          ploomutoo_gammafunk_ghost_potion_laboratory, minmay_misc_feat_room,
          serial_shops, shop_statue, sword_in_stone
D:15:     gammafunk_depths_entry_grave, layout_cave_pools, grunt_tough_drop,
          uniq_roxanne
Temple:   corrupted_temple
Lair:1:   layout_roguey, minmay_lair_oklob_chamber, serial_bayou_shore_a,
          lemuel_fruit_tree
Lair:2:   layout_roguey, nicolae_swamp_entry_splash_gauntlet,
          spider_nest_entry_a, gammafunk_ghost_wrathful_warriors,
          serial_bayou_pond_b, serial_bayou_pond_c, minivault_23
Lair:3:   layout_chaotic_city, grunt_forest_stairs_clearing
Lair:4:   layout_big_grid, uniq_snorg
Lair:5:   layout_regular_city, nicolae_volcano_entry_lava_flow,
          grunt_megastairs_5
Lair:6:   minmay_lair_end_enchanted_forest, layout_regular_city, slime_altar_1
Spider:1: layout_spider_delve, uniq_louise, uniq_nikola, uniq_aizul
Orc:1:    layout_caves
Orc:2:    st_orc_elflike, layout_caves, portal_ice_cave_entry_imps,
          gammafunk_ghost_wrathful_warriors, serial_shops, nicolae_shop_trees

Skill      XL: |  1  2  3  4  5  6  7  8  9 10 11 12 13 14 15 |
---------------+----------------------------------------------+-----
Dodging        | 5 6 7 8 9 11 12 14 15 17 18 19 | 19.7
Fighting       | 3 4 5 7 8 9 10 | 10.4
Short Blades   | 4 5 6 7 8 10 11 12 13 14 15 | 15.0
Stealth        | 1 3 4 6 8 10 11 14 16 | 16.0
Shields        | 2 3 5 6 7 |  7.3
Evocations     | 2 5 7 10 | 10.0
Armour         | 3 5 |  5.8

Action                   |  1- 3 |  4- 6 |  7- 9 | 10-12 | 13-15 | 16-18 || total
-------------------------+-------+-------+-------+-------+-------+-------++-------
Melee: Short sword       |   166 |   280 |   235 |       |   546 |       ||  1227
       Dagger            |       |       |   385 |  1121 |   936 |       ||  2442
       Quick blade       |       |       |       |       |   978 |    63 ||  1041
Invok: Berserk           |     2 |     8 |    16 |    22 |    26 |     2 ||    76
       Trog's Hand       |       |     1 |       |       |       |       ||     1
       Brothers in Arms  |       |       |       |       |       |     1 ||     1
Evoke: Wand              |       |       |       |     2 |    20 |       ||    22
       Condenser vane    |       |       |       |     1 |       |       ||     1
  Use: Scroll            |       |     8 |    14 |    10 |     8 |     1 ||    41
       Potion            |       |       |     1 |     1 |     1 |       ||     3
 Stab: Sleeping          |       |     5 |    18 |    31 |    51 |     7 ||   112
       Distracted        |       |       |     1 |     2 |    10 |     1 ||    14
       Paralysed         |       |       |     1 |     2 |     2 |       ||     5
Armor: Animal skin       |    19 |    18 |    16 |       |       |       ||    53
       Skin              |       |       |    28 |       |       |       ||    28
       Robe              |       |       |    13 |    33 |    66 |       ||   112
       Troll leather arm |       |       |       |       |       |     2 ||     2
Dodge: Dodged            |   179 |   224 |   315 |   388 |   840 |    17 ||  1963
Block: Other             |       |       |    75 |       |       |       ||    75
       Reflection        |       |       |     2 |    10 |    31 |       ||    43
       Buckler           |       |       |    31 |   364 |   942 |    27 ||  1364

Table legend: (Time is in decaauts)
 A = Elapsed time spent in this place.
 B = Non-inter-level travel time spent in this place.
 C = Inter-level travel time spent in this place.
 D = Time resting spent in this place.
 E = Time spent auto-exploring this place.
 F = Levels seen in this place.
 G = Mean time per level.
                   A        B        C        D        E       F      G
               +--------+--------+--------+--------+--------+-----+--------+
         Total |  27899 |  26979 |    920 |  12781 |   8030 |  27 | 1033.3 |
       Dungeon |  17912 |  17228 |    684 |   8849 |   4996 |  15 | 1194.1 |
        Temple |     30 |     23 |      7 |      0 |     16 |   1 |   30.0 |
          Lair |   7139 |   6984 |    155 |   2872 |   2566 |   6 | 1189.8 |
   Spider Nest |     97 |     97 |      0 |      2 |      8 |   1 |   97.0 |
  Orcish Mines |   1768 |   1696 |     72 |    737 |    441 |   2 |  884.0 |
      Ice Cave |    610 |    610 |      0 |    206 |      0 |   1 |  610.0 |
       Volcano |    339 |    339 |      0 |    113 |      0 |   1 |  339.0 |
               +--------+--------+--------+--------+--------+-----+--------+

Top non-repeatable levels by time:
    D:14: 2057 daAuts
     D:5: 1722 daAuts
     D:6: 1720 daAuts
    D:11: 1545 daAuts
  Lair:6: 1543 daAuts
    D:15: 1491 daAuts
     D:2: 1455 daAuts
  Lair:1: 1363 daAuts
    D:10: 1292 daAuts
  Lair:5: 1259 daAuts
   Orc:2: 1231 daAuts
  Lair:4: 1165 daAuts
  Lair:2: 1085 daAuts
    D:12: 993 daAuts
     D:3: 968 daAuts
